 Dungeon Crawl Stone Soup version 0.22.0-6-g71bd7aa (webtiles) character file.

19 Amnesiac the Magician (level 2, -1/19 HPs)
             Began as a Mummy Air Elementalist on Aug 16, 2018.
             Was an Initiate of Dithmenos.
             Slain by a leopard gecko (4 damage)
             ... on level 1 of the Dungeon.
             The game lasted 00:02:31 (927 turns).

Amnesiac the Magician (Mummy Air Elementalist)       Turns: 927, Time: 00:02:32

Health: -1/19      AC:  2    Str: 11    XL:     2   Next: 55%
Magic:  1/6        EV: 12    Int: 14    God:    Dithmenos [......]
Gold:   46         SH:  0    Dex: 12    Spells: 4/7 levels left

rFire    x . .     SeeInvis .   (no weapon)
rCold    + . .     Gourm    .   (no shield)
rNeg     + + +     Faith    .   a - +0 robe
rPois    ∞         Spirit   .   (no helmet)
rElec    .         Reflect  .   (no cloak)
rCorr    .         Harm     .   (no gloves)
MR       .....                  (no boots)
Stlth    ++........             (no amulet)
HPRegen  0.06/turn              (no ring)
MPRegen  0.10/turn              (no ring)

@: very slightly contaminated
A: no food or potions, fire vulnerability, cold resistance 1, negative energy
resistance 3, torment resistance, unbreathing
a: Renounce Religion


You were on level 1 of the Dungeon.
You worshipped Dithmenos.
Dithmenos was noncommittal.
You were not hungry.

You visited 1 branch of the dungeon, and saw 6 of its levels.

You collected 46 gold pieces.

Inventory:

Armour
 a - a +0 robe (worn)
 d - a +0 pair of gloves
Jewellery
 f - an uncursed ring of ice {unknown}
Scrolls
 b - 2 scrolls of immolation {!r, unknown}
 c - 2 scrolls of identify {!r, unknown}
 e - a scroll of magic mapping {!r}
 g - a scroll of teleportation {!r, unknown}
 h - a scroll of enchant weapon {!r, unknown}


   Skills:
 - Level 1.5 Dodging
 - Level 1.5 Stealth
 + Level 3.4 Spellcasting
 - Level 0.7 Conjurations
 + Level 2.8 Air Magic


You had 4 spell levels left.
You knew the following spells:

 Your Spells              Type           Power        Failure   Level  Hunger
a - Shock                 Conj/Air       #...         10%         1    N/A
z - Swiftness             Chrm/Air       #.......     17%         2    N/A

Your spell library contained the following spells:

 Spells                   Type           Power        Failure   Level  Hunger
 Lightning Bolt           Conj/Air       #.........   95%         5    N/A
 Spider Form              Tmut/Pois      #.........   52%         3    N/A
 Blade Hands              Tmut           #.........   99%         5    N/A
 Ice Form                 Ice/Tmut       #.......     90%         4    N/A
 Airstrike                Air            ##........   54%         4    N/A
 Sticks to Snakes         Tmut           #.......     30%         2    N/A
 Static Discharge         Conj/Air       #.......     30%         3    N/A
 Beastly Appendage        Tmut           #.....       21%         1    N/A

Dungeon Overview and Level Annotations

Branches:
Dungeon (6/15)
 Temple: D:4-7

Altars:
Ashenzari
Dithmenos
Elyvilon
Hepliaklqana
Kikubaaqudgha
Makhleb
Nemelex Xobeh
Okawaru
Sif Muna
Xom
Yredelemnul
The Shining One

Annotations:
D:6 2 runed doors


Innate Abilities, Weirdness & Mutations

You do not eat or drink.
Your flesh is vulnerable to fire.
You are immune to poison.
Your flesh is cold resistant. (rC+)
You are immune to negative energy. (rN+++)
You are immune to unholy pain and torment.
You can survive without breathing.


Message History

Dithmenos accepts your kill.
There are monsters nearby!
You hit the leopard gecko but do no damage.
The leopard gecko closely misses you.
Casting: Shock (safe; 10% risk of failure)
Confirm with . or Enter, or press ? or * to list all spells.
Aiming: Shock (safe; 10% risk of failure)
Press: ? - help, Shift-Dir - straight line, f - leopard gecko
Aim: a leopard gecko (clinging)
The zap hits the leopard gecko.
The leopard gecko is severely wounded.
The leopard gecko barely misses you.
There are monsters nearby!
You closely miss the leopard gecko.
The leopard gecko is severely wounded.
Casting: Shock (safe; 10% risk of failure)
Confirm with . or Enter, or press ? or * to list all spells.
Aiming: Shock (safe; 10% risk of failure)
Press: ? - help, Shift-Dir - straight line, f/p - leopard gecko
Aim: a leopard gecko (severely wounded)
The zap misses the leopard gecko.
The leopard gecko bites you. The leopard gecko barely misses you.
There are monsters nearby!
You hit the leopard gecko but do no damage.
The leopard gecko is severely wounded.
The leopard gecko barely misses you. The leopard gecko bites you.
* * * LOW HITPOINT WARNING * * *
The leopard gecko closely misses you.
Casting: Shock (safe; 10% risk of failure)
Confirm with . or Enter, or press ? or * to list all spells.
Aiming: Shock (safe; 10% risk of failure)
Press: ? - help, Shift-Dir - straight line, f/p - leopard gecko
Aim: a leopard gecko (severely wounded)
You miscast Shock.
You are very lightly contaminated with residual magic.
Nothing appears to happen.
The leopard gecko closely misses you. The leopard gecko bites you.
* * * LOW HITPOINT WARNING * * *
The leopard gecko barely misses you.
The leopard gecko hisses menacingly.
The leopard gecko closely misses you.
Casting: Shock (safe; 10% risk of failure)
Confirm with . or Enter, or press ? or * to list all spells.
Aiming: Shock (safe; 10% risk of failure)
Press: ? - help, Shift-Dir - straight line, f/p - leopard gecko
Aim: a leopard gecko (severely wounded) That beam is likely to hit you.
Continue anyway?
Okay, then.
Casting: Shock (safe; 10% risk of failure)
Confirm with . or Enter, or press ? or * to list all spells.
Aiming: Shock (safe; 10% risk of failure)
Press: ? - help, Shift-Dir - straight line, f/p - leopard gecko
Aim: a leopard gecko (severely wounded)
The zap hits the leopard gecko.
The leopard gecko is almost dead.
The leopard gecko bites you.
* * * LOW HITPOINT WARNING * * *
The leopard gecko bites you but does no damage.
The leopard gecko closely misses you.
Unknown command.
The leopard gecko bites you but does no damage.
There is a stone staircase leading down here.
The leopard gecko bites you.
You die...

###.#####.........# .......
.................# .......
.###.#####.........##.......
...........................[
####'####...(......##.......
#.......#......).....)......
#.8.8.8.#......l###.........
#.......#......)l.....###.#.
+.8.<.8.+.##..##@###..#
#.......#.............##
#.8.8.8.#####.##.......#
#.......# #.##....####
####+#### #.##....+
#.##....# #..#.#....
...#.#.#### .......#


You could see 2 leopard geckos.

Vanquished Creatures
  A dart slug (D:1)
  A leopard gecko (D:1)
  4 orcs (D:4)
  2 hobgoblins (D:1)
  A quokka (D:5)
  2 bats
  A frilled lizard (D:4)
12 creatures vanquished.

Notes
Turn   | Place    | Note
-------+----------+-------------------------------------------
     0 | D:1      | Amnesiac the Mummy Air Elementalist began the quest for the Orb.
     0 | D:1      | Reached XP level 1. HP: 13/13 MP: 4/4
    61 | D:1      | Reached skill level 3 in Spellcasting
   344 | D:5      | Entered Level 5 of the Dungeon
   368 | D:5      | Reached XP level 2. HP: 19/19 MP: 1/6
   402 | D:5      | Learned a level 2 spell: Swiftness
   504 | D:6      | Found a runed gate.
   504 | D:6      | Found a runed gate.
   511 | D:4      | Found a radiant altar of Vehumet.
   511 | D:4      | Found a shattered altar of Ashenzari.
   511 | D:4      | Found a shattered altar of Ashenzari.
   511 | D:4      | Found a shimmering altar of Xom.
   511 | D:4      | Found a basalt altar of Yredelemnul.
   511 | D:4      | Found a deep blue altar of Sif Muna.
   678 | D:4      | Found a sparkling altar of Nemelex Xobeh.
   679 | D:4      | Found a shattered altar of Ashenzari.
   681 | D:4      | Found a deep blue altar of Sif Muna.
   683 | D:4      | Found a glowing golden altar of the Shining One.
   683 | D:4      | Found a hazy altar of Hepliaklqana.
   683 | D:4      | Found an iron altar of Okawaru.
   720 | D:4      | Found a shadowy altar of Dithmenos.
   722 | D:4      | Found an ancient bone altar of Kikubaaqudgha.
   723 | D:4      | Found a white marble altar of Elyvilon.
   724 | D:4      | Found a basalt altar of Yredelemnul.
   725 | D:4      | Found a burning altar of Makhleb.
   734 | D:4      | Became a worshipper of Dithmenos the Shadowed
   927 | D:1      | Slain by a leopard gecko

Skill      XL: |  1 |
---------------+----+-----
Spellcasting   | 3 |  3.4
Dodging        | |  1.5
Stealth        | |  1.5
Conjurations   | |  0.7
Air Magic      | |  2.8

Action                   || total
-------------------------++-------
Melee: Unarmed           ||     9
 Cast: Shock             ||    35
  Use: Scroll            ||     1
Armor: Robe              ||     5
Dodge: Dodged            ||    19
